 Dungeon Crawl Stone Soup version 0.23.2-1-ga50397a (webtiles) character file.

Game seed: 13548128991526331698

83943 IBeShadow the Thaumaturge (level 15, -10/114 (118) HPs)
             Began as a Gnoll Skald on May 28, 2019.
             Was the Champion of Cheibriados.
             Mangled by a stone giant simulacrum (36 damage)
             ... on level 15 of the Dungeon.
             The game lasted 01:09:59 (31560 turns).

IBeShadow the Thaumaturge (Gnoll Skald)            Turns: 31560, Time: 01:10:00

HP:   -10/114 (118) AC:  9    Str: 34      XL:     15   Next: 78%
MP:   0/30          EV: 23    Int: 39 (40) God:    Cheibriados [******]
Gold: 1859          SH: 12    Dex: 32      Spells: 19/36 levels left

rFire    + + .     SeeInvis .   L - +6 flail "Kuaz" {crush, *Corrode rN+ Int+9}
rCold    . . .     Gourm    .   W - +3 warlock's mirror {reflect}
rNeg     + . .     Faith    .   O - +2 scale mail {rF+}
rPois    +         Spirit   +   (helmet restricted)
rElec    +         Reflect  +   F - +0 cloak
rCorr    .         Harm     .   (no gloves)
MR       ++...                  Q - +0 pair of boots
Stlth    +++.......             H - amulet of guardian spirit
HPRegen  1.29/turn              n - ring of poison resistance
MPRegen  0.22/turn              P - ring "Jor Myr" {rElec rF+ MR+ Dex+2 Stlth-}

@: singing, corroded, regenerating, very slow
A: distributed training, fangs 1, horns 1, strong nose
a: Bend Time, Temporal Distortion, Slouch, Step From Time, Renounce Religion


You were on level 15 of the Dungeon.
You worshipped Cheibriados.
Cheibriados was exalted by your worship.
You were hungry.

You visited 3 branches of the dungeon, and saw 22 of its levels.
You also visited: Ossuary and Ice Cave.

You collected 1898 gold pieces.
You spent 39 gold pieces at shops.

Inventory:

Hand Weapons
 L - the +6 flail "Kuaz" (weapon) {crush, *Corrode rN+ Int+9}
   (You found it on level 7 of the Dungeon)

   It inflicts extra damage upon your enemies.
   It affects your intelligence (+9).
   It protects you from negative energy.
   It may corrode you when you take damage.
Missiles
 E - 4 throwing nets (quivered)
Armour
 o - a +2 helmet
 F - a +0 cloak (worn)
 O - a +2 scale mail of fire resistance (worn)
 Q - a +0 pair of boots (worn)
 W - the +3 warlock's mirror (worn) {reflect}
   (You found it on level 5 of the Lair of Beasts)
Jewellery
 g - the ring of the Mackerel {Ice +Fly MR+ Dex+2}
   (You found it on level 2 of the Lair of Beasts)

   [ring of ice]

   It enhances your ice magic.
   It affects your dexterity (+2).
   It makes you vulnerable to fire.
   It protects you from cold.
   It affects your resistance to hostile enchantments.
   It lets you fly.
 n - a ring of poison resistance (left hand)
 w - an uncursed ring of magical power
 z - an uncursed amulet of regeneration
 H - an amulet of guardian spirit (around neck)
 J - a +3 ring of intelligence
 M - a +2 amulet of reflection
 P - the ring "Jor Myr" (right hand) {rElec rF+ MR+ Dex+2 Stlth-}
   (You found it on level 8 of the Dungeon)

   [ring of attention]

   It affects your dexterity (+2).
   It protects you from fire.
   It insulates you from electricity.
   It affects your resistance to hostile enchantments.
   It makes you less stealthy.
Wands
 b - a wand of digging (7)
 x - a wand of flame (40)
 N - a wand of disintegration (13)
 R - a wand of iceblast (6)
 U - a wand of polymorph (3)
 V - a wand of paralysis (14)
Scrolls
 a - 2 scrolls of summoning {unknown}
 h - 12 scrolls of remove curse
 i - 6 scrolls of identify
 j - 6 scrolls of enchant weapon {unknown}
 k - 10 scrolls of teleportation
 m - a scroll of noise {unknown}
 p - 6 scrolls of amnesia
 s - a scroll of fog
 y - a scroll of magic mapping
 B - a scroll of fear {unknown}
 G - 5 scrolls of blinking
 I - 4 scrolls of immolation
 K - a scroll of vulnerability {unknown}
 S - 2 scrolls of silence {unknown}
 T - a scroll of torment {unknown}
Potions
 c - 9 potions of curing
 e - a potion of invisibility
 f - 6 potions of brilliance
 l - 5 potions of mutation
 q - 2 potions of cancellation
 r - 5 potions of flight
 t - a potion of lignification {unknown}
 u - 6 potions of agility
 v - 5 potions of magic
 A - 4 potions of resistance {unknown}
 C - 3 potions of heal wounds
 D - a potion of might {unknown}
Comestibles
 d - 32 rations


   Skills:
 + Level 11.0 Fighting
 + Level 10.1 Short Blades
 + Level 10.1 Long Blades
 + Level 10.1 Axes
 + Level 10.1 Maces & Flails
 + Level 11.0 Polearms
 + Level 10.1 Staves
 + Level 10.1 Slings
 + Level 10.1 Bows
 + Level 10.1 Crossbows
 + Level 10.1 Throwing
 + Level 10.4 Armour
 + Level 11.0 Dodging
 + Level 10.1 Stealth
 + Level 10.1 Shields
 + Level 10.1 Unarmed Combat
 + Level 11.2 Spellcasting
 + Level 8.5 Conjurations
 + Level 8.5 Hexes
 + Level 10.1 Charms
 + Level 8.5 Summonings
 + Level 8.5 Necromancy
 + Level 8.5 Translocations
 + Level 8.5 Transmutations
 + Level 8.5 Fire Magic
 + Level 8.5 Ice Magic
 + Level 8.5 Air Magic
 + Level 8.5 Earth Magic
 + Level 8.5 Poison Magic
 + Level 11.0 Invocations
 + Level 10.1 Evocations


You had 19 spell levels left.
You knew the following spells:

 Your Spells              Type           Power        Failure   Level  Hunger
a - Infusion              Chrm           ####         1%          1    None
b - Song of Slaying       Chrm           #######.     1%          2    None
c - Shroud of Golubria    Chrm/Tloc      #######...   1%          2    None
d - Regeneration          Chrm/Necr      #######...   1%          3    None
e - Lightning Bolt        Conj/Air       ######....   2%          5    None
f - Animate Dead          Necr           N/A          1%          4    None

Your spell library contained the following spells:

 Spells                   Type           Power        Failure   Level  Hunger
 Animate Skeleton         Necr           N/A          1%          1    None
 Pain                     Necr           ####         1%          1    None
 Shock                    Conj/Air       ####         1%          1    None
 Swiftness                Chrm/Air       #######.     1%          2    None
 Spectral Weapon          Hex/Chrm       #######.     1%          3    None
 Static Discharge         Conj/Air       ######..     1%          3    None
 Vampiric Draining        Necr           ######....   1%          3    None
 Airstrike                Air            ######....   1%          4    None


Dungeon Overview and Level Annotations

Branches:
Dungeon (15/15)            Temple (1/1) D:7            Lair (6/6) D:11
  Swamp (0/4) Lair:4       Spider (0/4) Lair:4        Slime (0/5) Lair:5
    Orc (0/2) D:12         Vaults (0/5) D:13         Depths (0/5) D:15

Altars:
Ashenzari
Cheibriados
Dithmenos
Elyvilon
Fedhas
Gozag
Hepliaklqana
Kikubaaqudgha
Makhleb
Nemelex Xobeh
Okawaru
Qazlal
Ru
Sif Muna
Trog
Uskayaw
Vehumet
Wu Jian
Xom
Yredelemnul
Zin
The Shining One

Shops:
D:4 *!   D:6 (   D:12 [(

Annotations:
Lair:1 exclusion: 4 oklob plants
Lair:6 2 transporters, thriggle's ghost, journeyman DsWn


Innate Abilities, Weirdness & Mutations

Your experience applies equally to all skills.
You have very sharp teeth.
Your uncanny sense of smell can sniff out nearby items.
You have a pair of small horns on your head.


Message History

The stone giant simulacrum closely misses you.
The tengu warrior zombie completely misses you.
You block the tengu warrior zombie's attack.
The tengu warrior zombie completely misses you.
The stone giant simulacrum hits you!! The stone giant simulacrum freezes you!
Casting: Song of Slaying (safe; 1% risk of failure)
Confirm with . or Enter, or press ? or * to list all spells.
Aiming: Lightning Bolt (safe; 2% risk of failure)
Press: ? - help, Shift-Dir - straight line You hear a mighty clap of thunder!
The bolt of lightning hits the stone giant simulacrum!!
The stone giant simulacrum is severely damaged.
The bolt of lightning hits the tengu warrior zombie!!
The tengu warrior zombie is moderately damaged.
The bolt of lightning hits the yaktaur captain zombie.
The yaktaur captain zombie is lightly damaged.
The stone giant simulacrum hits you!
* * * LOW HITPOINT WARNING * * *
The stone giant simulacrum freezes you!!!
You die...

......#..........#..............'
......#..#########......######^.'
......#..#..#.#!.###'####....####
#######..##.[?!.##.......(.....<.
.........#.......#...............
.........##...Z.##.......#.......
.........#....ZZ.#...............
.........###'ZZ###.......#.......
.......(.).))ZZZ@(....###.####...
....########..###........#..>#...
###.#...........#......#.....#.##
..#.#...........#......#.#...#...
..#.#...........#......#..#.#.#.#
..#.#...........#......#.....#...
..#.'...........#......#####.#...
###.#############............#⌠..
.............................####


You could see a spectral fire dragon, a spectral spriggan air mage, a spectral
stone giant, a stone giant simulacrum, a yaktaur captain zombie, a stone giant
zombie, a tengu warrior zombie and a tengu reaver zombie.

Vanquished Creatures
  Rupert (Lair:5)
  A tengu reaver (D:12)
  A frost giant (IceCv)
  The ghost of Lue the Quickloader, a journeyman GnWn of Okawaru (Lair:5)
  An ettin (D:15)
  A fire dragon (Lair:6)
  The ghost of LePi the Severer, a journeyman MiFi of Elyvilon (D:15)
  8 vault guards (D:13)
  5 hydras
  A tengu warrior (D:15)
  2 death knights (D:10)
  The ghost of growler the Geomancer, a journeyman GrEE of Vehumet (D:11)
  5 centaur warriors
  3 two-headed ogres
  An ogre mage (D:15)
  2 death yaks (IceCv)
  A deep troll earth mage (D:12)
  A spectral elf (D:15)
  2 slime creatures (Lair:5)
  A fire crab (Lair:6)
  A wizard (D:14)
  2 unseen horrors
  2 orc knights
  An orc sorcerer (D:15)
  3 deep elf magi
  3 cyclopes
  7 ugly things
  A cyclops (shapeshifter) (D:12)
  5 black mambas
  2 manticores
  An ice statue (IceCv)
  2 molten gargoyles (Lair:6)
  7 spiny frogs
  2 gargoyles
  2 rime drakes
  An efreet (D:15)
  17 komodo dragons
  The ghost of Heh the Conjurer, a novice OpCj (D:5)
  A tengu conjurer (D:14)
  2 freezing wraiths
  5 trolls
  14 polar bears
  Grinder (D:5)
  A harpy skeleton (D:15)
  2 hornets
  8 blink frogs
  12 hippogriffs
  Sigmund (D:4)
  A redback (D:12)
  A spriggan (D:8)
  A shadow (D:14)
  38 yaks
  A vampire (D:14)
  4 wraiths
  9 wyverns
  11 basilisks
  2 steam dragons
  A hungry ghost (D:12)
  2 swamp worms (Lair:4)
  4 vampire mosquitoes
  7 water moccasins
  2 insubstantial wisps (D:9)
  Duvessa (D:6)
  3 acid dragons
  5 hell hounds (Lair:6)
  2 soldier ants
  9 porcupines
  6 sky beasts
  5 ice beasts
  4 black bears
  An eye of draining (D:10)
  7 orc warriors
  A phantom (D:5)
  2 necrophages
  An ogre (D:9)
  10 centaurs
  18 wolves (IceCv)
  12 crocodiles
  3 big kobolds
  An elf zombie (Ossuary)
  20 bullfrogs
  A gnoll sergeant (D:11)
  Dowan (D:6)
  A wyvern zombie (D:14)
  6 scorpions
  4 killer bees (D:10)
  15 wights
  8 electric eels
  A howler monkey (D:8)
  5 lava snakes (Lair:6)
  11 crimson imps
  2 bullfrog zombies (D:5)
  6 hounds
  6 orc priests
  2 centaur zombies (Ossuary)
  3 human zombies (Ossuary)
  4 jellies
  6 centaur skeletons
  5 bullfrog skeletons
  4 iguanas
  11 orc wizards
  13 worker ants
  A statue (D:6)
  A big kobold zombie (Ossuary)
  2 hound zombies
  A hound skeleton (D:6)
  3 mummies (Ossuary)
  A howler monkey zombie (D:5)
  3 worker ant zombies
  11 gnolls
  A howler monkey skeleton (D:7)
  11 adders
  4 shadow imps
  2 oozes
  6 adder zombies
  2 adder skeletons
  4 worms
  4 dart slugs
  6 leopard geckos
  46 orcs
  5 giant cockroaches
  10 goblins
  8 hobgoblins
  20 jackals
  4 quokkas
  3 ball pythons
  6 bats
  4 frilled lizards
  A giant cockroach zombie (D:3)
  2 gnoll zombies (Ossuary)
  5 goblin zombies (Ossuary)
  4 hobgoblin zombies (Ossuary)
  4 jackal zombies
  11 kobolds
  4 kobold zombies (Ossuary)
  A leopard gecko skeleton (D:4)
  2 quokka zombies (Ossuary)
  6 rats
  A rat zombie (Ossuary)
  A plant (D:10)
668 creatures vanquished.

Vanquished Creatures (others)
  A cyclops (D:14)
  An orc (D:15)
  4 fungi
  3 plants
9 creatures vanquished.

Grand Total: 677 creatures vanquished

Notes
Turn   | Place    | Note
-------+----------+-------------------------------------------
     0 | D:1      | IBeShadow the Gnoll Skald began the quest for the Orb.
     0 | D:1      | Reached XP level 1. HP: 20/20 MP: 6/6
    88 | D:1      | Reached XP level 2. HP: 13/26 MP: 7/7
   883 | D:1      | Reached XP level 3. HP: 25/31 MP: 9/9
  1025 | D:1      | Reached skill level 5 in Spellcasting
  1162 | D:2      | Reached skill level 1 in Invocations
  1172 | D:2      | Reached skill level 1 in Short Blades
  1172 | D:2      | Reached skill level 1 in Long Blades
  1172 | D:2      | Reached skill level 1 in Axes
  1172 | D:2      | Reached skill level 1 in Maces & Flails
  1172 | D:2      | Reached skill level 1 in Staves
  1172 | D:2      | Reached skill level 1 in Slings
  1172 | D:2      | Reached skill level 1 in Bows
  1172 | D:2      | Reached skill level 1 in Crossbows
  1172 | D:2      | Reached skill level 1 in Throwing
  1172 | D:2      | Reached skill level 1 in Stealth
  1172 | D:2      | Reached skill level 1 in Shields
  1172 | D:2      | Reached skill level 1 in Unarmed Combat
  1172 | D:2      | Reached skill level 1 in Evocations
  1172 | D:2      | Reached XP level 4. HP: 33/38 MP: 11/11
  1522 | D:2      | Reached skill level 1 in Conjurations
  1522 | D:2      | Reached skill level 1 in Hexes
  1522 | D:2      | Reached skill level 1 in Summonings
  1522 | D:2      | Reached skill level 1 in Necromancy
  1522 | D:2      | Reached skill level 1 in Translocations
  1522 | D:2      | Reached skill level 1 in Transmutations
  1522 | D:2      | Reached skill level 1 in Fire Magic
  1522 | D:2      | Reached skill level 1 in Ice Magic
  1522 | D:2      | Reached skill level 1 in Air Magic
  1522 | D:2      | Reached skill level 1 in Earth Magic
  1522 | D:2      | Reached skill level 1 in Poison Magic
  1673 | D:2      | Found a faded altar of an unknown god.
  1785 | D:2      | Reached XP level 5. HP: 43/43 MP: 12/12
  1845 | D:3      | Learned a level 2 spell: Song of Slaying
  1848 | D:3      | Learned a level 2 spell: Shroud of Golubria
  1852 | D:3      | Learned a level 3 spell: Regeneration
  2131 | D:3      | Found a blossoming altar of Fedhas.
  2132 | D:3      | Found an ancient bone altar of Kikubaaqudgha.
  2889 | D:4      | Found a shattered altar of Ashenzari.
  2891 | D:4      | Found an ornate altar of the Wu Jian Council.
  2891 | D:4      | Noticed a manticore
  2896 | D:4      | Found a transporter.
  2920 | D:4      | Found a transporter.
  2934 | D:4      | Found Xiqar's Elemental Accessories.
  3144 | D:4      | Found a burning altar of Makhleb.
  3209 | D:4      | Found a glowing silver altar of Zin.
  3209 | D:4      | Noticed a green death
  3210 | D:4      | Noticed an angel
  3261 | D:4      | Reached XP level 6. HP: 50/50 MP: 13/13
  3406 | D:4      | Noticed Sigmund
  3418 | D:4      | Killed Sigmund
  3418 | D:4      | Reached skill level 5 in Fighting
  3418 | D:4      | Reached skill level 5 in Polearms
  3418 | D:4      | Reached skill level 5 in Dodging
  3469 | D:4      | Found Tifupsoi's Distillery.
  3506 | D:4      | Bought a potion of curing for 39 gold pieces
  3588 | D:5      | Entered Level 5 of the Dungeon
  3693 | D:5      | Noticed a phantom
  3767 | D:5      | Killed a phantom
  3767 | D:5      | Reached XP level 7. HP: 21/56 MP: 8/15
  3815 | D:5      | Found a transporter.
  3815 | D:5      | Noticed Heh's ghost (novice OpCj)
  3878 | D:5      | Found a sand-covered staircase.
  3953 | Ossuary  | Entered an ossuary
  5132 | D:5      | Reached XP level 8. HP: 24/63 MP: 16/16
  5330 | D:5      | Found a transporter.
  5492 | D:5      | Noticed Grinder
  5497 | D:5      | Paralysed by Grinder for 2 turns
  5509 | D:5      | Paralysed by Grinder for 3 turns
  5516 | D:5      | Killed Grinder
  6856 | D:6      | Found a radiant altar of Vehumet.
  7275 | D:6      | Found Tyahuwas's Antique Weapon Shoppe.
  7313 | D:6      | Noticed Dowan
  7314 | D:6      | Noticed Duvessa
  7402 | D:6      | Killed Duvessa
  7422 | D:6      | HP: 2/64 [Dowan/shard of ice (20)]
  7431 | D:6      | HP: 2/64 [Dowan/shard of ice (11)]
  7435 | D:6      | Killed Dowan
  7435 | D:6      | Reached XP level 9. HP: 39/69 MP: 13/18
  8166 | D:7      | Found a hazy altar of Hepliaklqana.
  8209 | D:7      | Got a translucent flail
  8210 | D:7      | Identified the +6 flail "Kuaz" {crush, *Corrode rN+ Int+9}
                  | (You found it on level 7 of the Dungeon)
  8219 | D:7      | Found a basalt altar of Yredelemnul.
  8433 | D:7      | Found a staircase to the Ecumenical Temple.
  9315 | D:8      | Noticed a hornet
  9322 | D:8      | Killed a hornet
  9322 | D:8      | Reached skill level 5 in Armour
  9344 | D:8      | HP: 3/69 [poisoned by a hornet]
  9352 | D:8      | HP: 3/69 [poisoned by a hornet]
 10284 | D:8      | Reached skill level 5 in Invocations
 10337 | D:8      | Reached XP level 10. HP: 71/77 MP: 20/20
 10426 | D:8      | Got a scintillating lapis lazuli ring
 10428 | D:8      | Identified the ring "Jor Myr" {rElec rF+ MR+ Dex+2 Stlth-}
                  | (You found it on level 8 of the Dungeon)
 10452 | D:8      | Found a bloodstained altar of Trog.
 10453 | D:8      | Found an iron altar of Okawaru.
 10503 | D:8      | Found an opulent altar of Gozag.
 10504 | D:8      | Found a sparkling altar of Nemelex Xobeh.
 10677 | D:8      | Reached skill level 5 in Short Blades
 10677 | D:8      | Reached skill level 5 in Long Blades
 10677 | D:8      | Reached skill level 5 in Axes
 10677 | D:8      | Reached skill level 5 in Maces & Flails
 10677 | D:8      | Reached skill level 5 in Staves
 10677 | D:8      | Reached skill level 5 in Slings
 10677 | D:8      | Reached skill level 5 in Bows
 10677 | D:8      | Reached skill level 5 in Crossbows
 10677 | D:8      | Reached skill level 5 in Throwing
 10677 | D:8      | Reached skill level 5 in Stealth
 10677 | D:8      | Reached skill level 5 in Shields
 10677 | D:8      | Reached skill level 5 in Unarmed Combat
 10677 | D:8      | Reached skill level 5 in Evocations
 12245 | D:10     | Entered Level 10 of the Dungeon
 12400 | Temple   | Entered the Ecumenical Temple
 12582 | Temple   | Became a worshipper of Cheibriados the Contemplative
 12683 | D:10     | Reached XP level 11. HP: 72/84 MP: 19/22
 12778 | D:10     | Noticed a death knight
 12785 | D:10     | Killed a death knight
 13486 | D:10     | Reached * piety under Cheibriados
 13545 | D:10     | Noticed an eight-headed hydra
 13548 | D:10     | Noticed a centaur warrior
 13555 | D:10     | Killed an eight-headed hydra
 13555 | D:10     | Reached skill level 5 in Conjurations
 13555 | D:10     | Reached skill level 5 in Hexes
 13555 | D:10     | Reached skill level 5 in Summonings
 13555 | D:10     | Reached skill level 5 in Necromancy
 13555 | D:10     | Reached skill level 5 in Translocations
 13555 | D:10     | Reached skill level 5 in Transmutations
 13555 | D:10     | Reached skill level 5 in Fire Magic
 13555 | D:10     | Reached skill level 5 in Ice Magic
 13555 | D:10     | Reached skill level 5 in Air Magic
 13555 | D:10     | Reached skill level 5 in Earth Magic
 13555 | D:10     | Reached skill level 5 in Poison Magic
 13555 | D:10     | Noticed an orc knight
 13570 | D:10     | Killed a centaur warrior
 13571 | D:10     | Noticed a death knight
 13588 | D:10     | HP: 1/86 [orc knight/+0 great sword (9)]
 14186 | D:11     | Found a staircase to the Lair.
 14343 | D:11     | Reached ** piety under Cheibriados
 14659 | D:11     | Found a transporter.
 14662 | D:11     | Noticed growler's ghost (journeyman GrEE)
 14689 | D:11     | Found a transporter.
 14733 | D:11     | Noticed a two-headed ogre
 14739 | D:11     | Killed a two-headed ogre
 15155 | D:10     | Killed a death knight
 15557 | D:10     | Killed an orc knight
 15575 | D:10     | Reached *** piety under Cheibriados
 15581 | D:10     | Reached XP level 12. HP: 93/93 MP: 20/24
 15889 | Lair:1   | Entered Level 1 of the Lair of Beasts
 16707 | Lair:1   | Noticed a six-headed hydra
 16712 | Lair:1   | Killed a six-headed hydra
 17751 | Lair:2   | Got a shimmering jade ring
 17903 | Lair:2   | Reached **** piety under Cheibriados
 19162 | Lair:4   | Identified the ring of the Mackerel {Ice +Fly MR+ Dex+2}
                  | (You found it on level 2 of the Lair of Beasts)
 19198 | Lair:4   | Noticed a seven-headed hydra
 19204 | Lair:4   | Killed a seven-headed hydra
 19258 | Lair:4   | Found a hole to the Spider Nest.
 19515 | Lair:4   | You fall through a shaft!
 19551 | Lair:5   | Noticed Rupert
 19564 | Lair:5   | Reached XP level 13. HP: 98/101 MP: 26/26
 19585 | Lair:5   | Found a frozen archway.
 19601 | IceCv    | Entered an ice cave
 19670 | IceCv    | Reached ***** piety under Cheibriados
 20656 | IceCv    | Noticed a frost giant
 21146 | IceCv    | Identified the ring of Tender Moments {Ice rElec Dex+2}
 21161 | IceCv    | Killed a frost giant
 21569 | Lair:4   | Found a staircase to the Swamp.
 22349 | Lair:5   | Found a staircase to the Slime Pits.
 22547 | Lair:5   | Found a large runed translucent door.
 22548 | Lair:5   | Found a large runed translucent door.
 22559 | Lair:5   | Noticed Lue's ghost (journeyman GnWn)
 22560 | Lair:5   | Found the +3 warlock's mirror {reflect}
 22581 | Lair:5   | Killed Lue's ghost
 22581 | Lair:5   | Reached skill level 10 in Spellcasting
 22708 | Lair:5   | Killed Rupert
 22708 | Lair:5   | Reached XP level 14. HP: 109/109 MP: 24/28
 22783 | Lair:5   | Reached ****** piety under Cheibriados
 23234 | Lair:6   | Entered Level 6 of the Lair of Beasts
 23299 | Lair:6   | Reached skill level 10 in Fighting
 23299 | Lair:6   | Reached skill level 10 in Polearms
 23299 | Lair:6   | Reached skill level 10 in Dodging
 24151 | Lair:6   | Found a transporter.
 24151 | Lair:6   | Noticed thriggle's ghost (journeyman DsWn)
 24170 | Lair:6   | Found a transporter.
 24727 | Lair:6   | Found a large runed translucent door.
 24727 | Lair:6   | Found a large runed translucent door.
 24765 | Lair:6   | Reached skill level 10 in Invocations
 25702 | D:5      | Killed Heh's ghost
 25907 | D:11     | Killed growler's ghost
 26329 | Lair:1   | Learned a level 5 spell: Lightning Bolt
 26478 | D:12     | Noticed a tengu reaver
 26483 | D:12     | Killed a tengu reaver
 27553 | D:12     | Found Lowogh's Weapon Boutique.
 27559 | D:12     | Found a staircase to the Orcish Mines.
 27571 | D:12     | Found Joibleni's Armour Boutique.
 27915 | D:13     | Reached XP level 15. HP: 104/113 MP: 26/29
 28255 | D:13     | Found a gate to the Vaults.
 28262 | D:13     | Reached skill level 10 in Armour
 29699 | D:14     | Reached skill level 10 in Charms
 30258 | D:14     | Learned a level 4 spell: Animate Dead
 30489 | D:15     | Entered Level 15 of the Dungeon
 30491 | D:15     | Reached skill level 10 in Short Blades
 30491 | D:15     | Reached skill level 10 in Long Blades
 30491 | D:15     | Reached skill level 10 in Axes
 30491 | D:15     | Reached skill level 10 in Maces & Flails
 30491 | D:15     | Reached skill level 10 in Staves
 30491 | D:15     | Reached skill level 10 in Slings
 30491 | D:15     | Reached skill level 10 in Bows
 30491 | D:15     | Reached skill level 10 in Crossbows
 30491 | D:15     | Reached skill level 10 in Throwing
 30491 | D:15     | Reached skill level 10 in Stealth
 30491 | D:15     | Reached skill level 10 in Shields
 30491 | D:15     | Reached skill level 10 in Unarmed Combat
 30491 | D:15     | Reached skill level 10 in Evocations
 30698 | D:15     | Found a runed translucent gate.
 30698 | D:15     | Found a runed translucent gate.
 30699 | D:15     | Found a runed translucent gate.
 30700 | D:15     | Noticed LePi's ghost (journeyman MiFi)
 30742 | D:15     | Paralysed by an orc sorcerer for 3 turns
 30756 | D:15     | Gained mutation: You have a pair of small horns on your
                  | head. [a neqoxec]
 31238 | D:15     | Found a staircase to the Depths.
 31549 | D:15     | Killed LePi's ghost
 31560 | D:15     | Mangled by a stone giant simulacrum

Skill      XL: |  1  2  3  4  5  6  7  8  9 10 11 12 13 14 15 |
---------------+----------------------------------------------+-----
Spellcasting   | 5 6 7 8 9 10 11 | 11.2
Invocations    | 1 2 3 4 5 6 7 8 9 10 11 | 11.0
Short Blades   | 1 2 3 4 5 6 7 8 9 10 | 10.1
Long Blades    | 1 2 3 4 5 6 7 8 9 10 | 10.1
Axes           | 1 2 3 4 5 6 7 8 9 10 | 10.1
Maces & Flails | 1 2 3 4 5 6 7 8 9 10 | 10.1
Staves         | 1 2 3 4 5 6 7 8 9 10 | 10.1
Slings         | 1 2 3 4 5 6 7 8 9 10 | 10.1
Bows           | 1 2 3 4 5 6 7 8 9 10 | 10.1
Crossbows      | 1 2 3 4 5 6 7 8 9 10 | 10.1
Throwing       | 1 2 3 4 5 6 7 8 9 10 | 10.1
Stealth        | 1 2 3 4 5 6 7 8 9 10 | 10.1
Shields        | 1 2 3 4 5 6 7 8 9 10 | 10.1
Unarmed Combat | 1 2 3 4 5 6 7 8 9 10 | 10.1
Evocations     | 1 2 3 4 5 6 7 8 9 10 | 10.1
Conjurations   | 1 2 3 4 5 6 7 8 |  8.5
Hexes          | 1 2 3 4 5 6 7 8 |  8.5
Summonings     | 1 2 3 4 5 6 7 8 |  8.5
Necromancy     | 1 2 3 4 5 6 7 8 |  8.5
Translocations | 1 2 3 4 5 6 7 8 |  8.5
Transmutations | 1 2 3 4 5 6 7 8 |  8.5
Fire Magic     | 1 2 3 4 5 6 7 8 |  8.5
Ice Magic      | 1 2 3 4 5 6 7 8 |  8.5
Air Magic      | 1 2 3 4 5 6 7 8 |  8.5
Earth Magic    | 1 2 3 4 5 6 7 8 |  8.5
Poison Magic   | 1 2 3 4 5 6 7 8 |  8.5
Armour         | 3 4 5 6 7 8 9 10 | 10.4
Fighting       | 5 6 7 8 9 10 11 | 11.0
Polearms       | 5 6 7 8 9 10 11 | 11.0
Dodging        | 5 6 7 8 9 10 11 | 11.0
Charms         | 6 7 8 9 10 | 10.1

Action                   |  1- 3 |  4- 6 |  7- 9 | 10-12 | 13-15 || total
-------------------------+-------+-------+-------+-------+-------++-------
Melee: Spear             |   126 |   260 |   686 |       |       ||  1072
       Bite              |    10 |    36 |   105 |   131 |   236 ||   518
       Punch             |       |     1 |     8 |       |       ||     9
       Flail             |       |       |   111 |   711 |  1037 ||  1859
       Headbutt          |       |       |       |       |    28 ||    28
 Fire: Hunting sling     |       |       |       |    43 |       ||    43
       Longbow           |       |       |       |       |    11 ||    11
 Cast: Infusion          |       |     2 |     3 |     5 |     6 ||    16
       Shroud of Golubri |       |     2 |    14 |    15 |    19 ||    50
       Regeneration      |       |     2 |     6 |    13 |    16 ||    37
       Song of Slaying   |       |     1 |     1 |     8 |     7 ||    17
       Lightning Bolt    |       |       |       |       |    26 ||    26
       Animate Dead      |       |       |       |       |     1 ||     1
Invok: Slouch            |       |       |       |     1 |     6 ||     7
       Bend Time         |       |       |       |       |     3 ||     3
Evoke: Wand              |       |       |     4 |    20 |     6 ||    30
  Use: Scroll            |       |       |     7 |    13 |    10 ||    30
       Potion            |       |       |     4 |     3 |     2 ||     9
 Stab: Sleeping          |     4 |     2 |    10 |     2 |     6 ||    24
       Petrified         |       |       |       |       |     8 ||     8
       Distracted        |       |       |       |       |     3 ||     3
  Eat: Chunk             |     1 |     8 |    13 |    15 |    16 ||    53
       Ration            |       |       |     3 |     2 |     2 ||     7
Armor: Leather armour    |    42 |    39 |   142 |       |       ||   223
       Scale mail        |       |       |    16 |   245 |   324 ||   585
Dodge: Dodged            |   131 |   113 |   478 |   597 |   944 ||  2263
Block: Buckler           |       |       |    73 |   285 |   692 ||  1050
       Reflection        |       |       |       |       |    37 ||    37
